 Dungeon Crawl Stone Soup version 0.21-a0-434-g806c6c2 (webtiles) character file.

126 HAL9000 the Skirmisher (level 5, -6/57 HPs)
             Began as an Ogre Hunter on Nov 8, 2017.
             Killed from afar by Sigmund (8 damage)
             ... with a magic dart
             ... on level 2 of the Dungeon.
             The game lasted 00:02:31 (1962 turns).

HAL9000 the Skirmisher (Ogre Hunter)                Turns: 1962, Time: 00:02:31

Health: -6/57      AC:  3    Str: 17    XL:     5   Next: 10%
Magic:  5/5        EV: 16    Int: 17    God:
Gold:   54         SH:  0    Dex: 14    Spells: 4/4 levels left

rFire    . . .     SeeInvis .   o - +2 short sword (speed)
rCold    . . .     Gourm    .   (no shield)
rNeg     . . .     Faith    .   b - +0 robe
rPois    .         Spirit   .   (helmet restricted)
rElec    .         Reflect  .   (no cloak)
rCorr    .         Harm     .   (gloves unavailable)
MR       .....                  (boots unavailable)
Stlth    +++.......             (no amulet)
HPRegen  0.19/turn              (no ring)
MPRegen  0.09/turn              (no ring)

@: brilliant, agile, flying
A: unfitting armour, tough skin 1
a: no special abilities


You were on level 2 of the Dungeon.
You were hungry.

You visited 1 branch of the dungeon, and saw 2 of its levels.

You collected 54 gold pieces.

Inventory:

Hand Weapons
 a - a +0 short sword
 o - a +2 short sword of speed (weapon)
Missiles
 c - 5 large rocks (quivered)
 d - 2 throwing nets
Armour
 b - a +0 robe (worn)
Scrolls
 h - 2 scrolls of identify {unknown}
 j - a scroll of random uselessness {unknown}
 k - a scroll of teleportation {unknown}
 l - 4 scrolls of remove curse {unknown}
Potions
 p - a potion of flight
Comestibles
 f - a bread ration
 n - a chunk of flesh


   Skills:
 + Level 5.1 Fighting
 - Level 4.0 Throwing
 + Level 3.5 Dodging
 - Level 0.6 Stealth


You had 4 spell levels left.
You didn't know any spells.

Dungeon Overview and Level Annotations

Branches:
Dungeon (2/15)

Altars:

Annotations:
D:2 Sigmund


Innate Abilities, Weirdness & Mutations

You are too large for most types of armour.
You have tough skin. (AC +1)


Message History

[Y]es or [N]o only, please.
Really target yourself?
Okay, then.
Unknown command.
You see here a stone.
You are confused.
You're too confused to move!
Something hits you!
* * * LOW HITPOINT WARNING * * *
You bump into the rock wall.
Something hits you!
* * * LOW HITPOINT WARNING * * *
You bump into the rock wall.
Sigmund appears from thin air!
Reactivating autopickup.
You're too confused to move!
You feel less confused.
Sigmund casts a spell.
Sigmund flickers and vanishes!
Deactivating autopickup; reactivate with Ctrl-A.
A magic dart appears from out of thin air!
The magic dart hits you!
You die...

#.# #.#
#># #.#
#(# #.#
#{#
#.###
#.@.#
#.#.#
...#.#
###.#.#
#.#.###
..#...#
#####.#
#.# #.#


There were no monsters in sight!

Vanquished Creatures
  Natasha (thrice) (D:2)
  An adder (D:2)
  An ooze (D:1)
  A dart slug (D:1)
  2 leopard geckos
  2 giant cockroaches (D:1)
  6 goblins
  3 hobgoblins (D:1)
  2 jackals (D:1)
  A ball python (D:1)
  8 bats
  A frilled lizard (D:2)
  4 kobolds
  4 rats (D:1)
39 creatures vanquished.

Notes
Turn   | Place    | Note
-------+----------+-------------------------------------------
     0 | D:1      | HAL9000 the Ogre Hunter began the quest for the Orb.
     0 | D:1      | Reached XP level 1. HP: 22/22 MP: 1/1
   127 | D:1      | Reached skill level 3 in Fighting
   138 | D:1      | Reached XP level 2. HP: 23/31 MP: 2/2
   599 | D:1      | Reached XP level 3. HP: 26/39 MP: 3/3
  1261 | D:2      | Noticed Sigmund
  1273 | D:1      | Reached skill level 4 in Fighting
  1369 | D:2      | Noticed Natasha
  1376 | D:2      | Killed Natasha
  1376 | D:2      | Reached XP level 4. HP: 25/49 MP: 4/4
  1510 | D:2      | Noticed Natasha
  1511 | D:2      | Killed Natasha
  1879 | D:2      | Noticed Natasha
  1885 | D:2      | Killed Natasha
  1885 | D:2      | Reached skill level 5 in Fighting
  1885 | D:2      | Reached XP level 5. HP: 31/57 MP: 5/5
  1959 | D:2      | HP: 1/57 [something (11)]
  1962 | D:2      | Killed from afar by Sigmund

Vault maps used:
D:1:      shiori_shiawase, serial_bayou_pond_d
D:2:      uniq_natasha, uniq_crazy_yiuf_cottage, uniq_sigmund

Skill      XL: |  1  2  3  4 |
---------------+-------------+-----
Fighting       | 3 4 5 |  5.1
Dodging        | 2 3 |  3.5
Throwing       | |  4.0
Stealth        | |  0.6

Action                   |  1- 3 |  4- 6 || total
-------------------------+-------+-------++-------
Melee: Short sword       |   126 |    54 ||   180
Throw: Large rock        |     1 |     2 ||     3
  Use: Potion            |       |     3 ||     3
  Eat: Chunk             |       |     3 ||     3
Armor: Robe              |    33 |    32 ||    65
Dodge: Dodged            |    85 |    48 ||   133

Table legend:
 A = Spawn XP
 B = Non-spawn XP
 C = Spawn XP percentage of total XP
 D = Spawn monster count
 E = Non-spawn monster count
 F = Spawn count percentage of total count
 G = Total turns spent on level
                    A         B        C        D         E        F      G
               +---------+---------+-------+---------+---------+-------+---------
         Total |       0 |     181 |   0.0 |       0 |      39 |   0.0 |  1962
               +---------+---------+-------+---------+---------+-------+---------
           D:1 |       0 |      52 |   0.0 |       0 |      27 |   0.0 |  1353
           D:2 |       0 |     129 |   0.0 |       0 |      12 |   0.0 |   609
               +---------+---------+-------+---------+---------+-------+---------
